 Dungeon Crawl Stone Soup version 0.20.1-1-g8b1a95d (webtiles) character file.

12 robertstho the Digger (level 2, -2/20 HPs)
             Began as a Demigod Earth Elementalist on Oct 16, 2017.
             Slain by a hobgoblin
             ... wielding a +0 club
              (7 damage)
             ... on level 1 of the Dungeon.
             The game lasted 00:03:08 (591 turns).

robertstho the Digger (Demigod Earth Elementalist)   Turns: 591, Time: 00:03:08

Health: -2/20      AC:  2    Str: 11    XL:     2   Next: 9%
Magic:  2/7        EV: 12    Int: 19    God:
Gold:   22         SH:  0    Dex: 16    Spells: 4/5 levels left

rFire    . . .     SeeInvis .   f - +0 club
rCold    . . .     Gourm    .   (no shield)
rNeg     . . .     Faith    .   c - +0 robe
rPois    .         Spirit   .   (no helmet)
rElec    .         Reflect  .   (no cloak)
rCorr    .         Harm     .   (no gloves)
MR       .....                  (no boots)
Stlth    ++........             (no amulet)
Regen    0.1/turn               (no ring)
MPRegen  0.1/turn               (no ring)

@: very slightly contaminated
A: high mp 1
a: no special abilities


You were on level 1 of the Dungeon.
You were not hungry.

You visited 1 branch of the dungeon, and saw 1 of its levels.

You collected 22 gold pieces.

Inventory:

Hand Weapons
 f - a +0 club (weapon)
Missiles
 b - 83 stones (quivered)
Armour
 c - a +0 robe (worn)
Scrolls
 a - 4 scrolls of blinking {unknown}
 g - a scroll of amnesia {unknown}
 h - a scroll of remove curse {unknown}
 j - a scroll of fear {unknown}
 k - a scroll of enchant armour {unknown}
Potions
 i - 2 potions of haste {unknown}
Books
 e - a book of Geomancy

   Spells                             Type                      Level
   a - Sandblast                      Earth                        1
   b - Passwall                       Transmutation/Earth          2
   c - Stone Arrow                    Conjuration/Earth            3
   d - Petrify                        Transmutation/Earth          4
   e - Lee's Rapid Deconstruction     Earth                        5
Comestibles
 d - 2 bread rations


   Skills:
 + Level 1.8 Dodging
 + Level 1.9 Stealth
 * Level 2.0 Spellcasting
   Level 0.8 Transmutations
 * Level 3.0 Earth Magic


You had 4 spell levels left.
You knew the following spells:

 Your Spells              Type           Power        Failure   Level  Hunger
a - Sandblast             Erth           ##....       4%          1    #......


Dungeon Overview and Level Annotations

Branches:
Dungeon (1/15)


Innate Abilities, Weirdness & Mutations

You have an increased reservoir of magic. (+10% MP)


Message History

* * * LOW HITPOINT WARNING * * *
The hobgoblin closely misses you.
Casting: Sandblast
Confirm with . or Enter, or press ? or * to list all spells.
Aiming: Sandblast
Press: ? - help, Shift-Dir - straight line, f/p - hobgoblin
Aim: a hobgoblin, wielding a club, wearing a chain mail and wearing a dented bronze amulet The blast of sand hits the hobgoblin.
The hobgoblin is lightly wounded.
b - 84 stones
Casting: Sandblast
Confirm with . or Enter, or press ? or * to list all spells.
Aiming: Sandblast
Press: ? - help, Shift-Dir - straight line, f/p - hobgoblin
Aim: a hobgoblin, wielding a club, wearing a chain mail and wearing a dented bronze amulet (lightly wounded)
The blast of sand hits the hobgoblin.
The hobgoblin is moderately wounded.
b - 83 stones The hobgoblin hits you with a club!
You die...

#.##......###....
#.##+#...........
#......).).##....
#.#....#.)......#
#.#.............#
#.#............##
###....#.......###########
#.....g..#####.........#
.......!@.##.............
###......##......⌠...⌠...
...##.#.##...⌠.........⌠
###. #'#.#.........≈.....
# ....#...⌠...........
.....#<.....≈.....≈.. ...
..#...⌠........... #..
..##.........≈.....
##...⌠.........⌠


You could see a hobgoblin.

Vanquished Creatures
  A leopard gecko (D:1)
  A giant cockroach (D:1)
  2 goblins (D:1)
  2 hobgoblins (D:1)
  A kobold (D:1)
  2 bats (D:1)
  A frilled lizard (D:1)
10 creatures vanquished.

Notes
Turn   | Place    | Note
-------+----------+-------------------------------------------
     0 | D:1      | robertstho the Demigod Earth Elementalist began the quest for the Orb.
     0 | D:1      | Reached XP level 1. HP: 14/14 MP: 5/5
    79 | D:1      | Reached skill level 3 in Earth Magic
   418 | D:1      | Reached XP level 2. HP: 20/20 MP: 2/7
   591 | D:1      | Slain by a hobgoblin

Skill      XL: |  1 |
---------------+----+-----
Earth Magic    | 3 |  3.0
Spellcasting   | 2 |  2.0
Dodging        | |  1.8
Stealth        | |  1.9
Transmutations | |  0.8

Action                   || total
-------------------------++-------
Melee: Unarmed           ||     6
       Club              ||     7
 Cast: Sandblast         ||    18
Armor: Robe              ||     1
Dodge: Dodged            ||    11
